 Dungeon Crawl Stone Soup version 0.28.0-45-g0d030f2227 (webtiles) character file.

Game seed: 8304375446199110637

693 zeratav the Insei (level 7, 0/46 HPs)
             Began as an Octopode Transmuter on Apr 11, 2022.
             Slain by a wraith (7 damage)
             ... in an ossuary.
             The game lasted 00:16:19 (6516 turns).

zeratav the Insei (Octopode Transmuter)             Turns: 6516, Time: 00:16:19

Health: 0/46       AC:  6    Str:  9    XL:     7   Next: 64%
Magic:  4/10       EV: 21    Int: 15    God:
Gold:   290        SH:  0    Dex: 20    Spells: 6/10 levels left

rFire   . . .      SeeInvis .     - Unarmed
rCold   . . .      Faith    .   (shield currently unavailable)
rNeg    . . .      Spirit   .   (helmet currently unavailable)
rPois   x          Reflect  .   (no amulet)
rElec   .          Harm     .   f - +4 ring of protection
rCorr   .          Rampage  .   o - ring of wizardry
Will    .....                   (no ring)
Stlth   +++.......              (no ring)
HPRegen 0.15/turn               (no ring)
MPRegen 0.12/turn               (no ring)
                                (no ring)
                                (no ring)

@: spider-form, slowed, very slow
A: venomous fangs, almost no armour, (amphibious), 8 rings, tiny, (camouflage
1), (gelatinous body 1), (nimble swimmer 1), (tentacles)
a: End Transformation


You were in an ossuary.
You were a venomous arachnid creature.
You visited 1 branch of the dungeon, and saw 5 of its levels.
You also visited: Ossuary.

You collected 290 gold pieces.


Innate Abilities, Weirdness & Mutations

You are a venomous arachnid creature.
You have poisonous fangs.
You are tiny and dextrous.
Your spellcasting is less reliable in this form.
Your armour is entirely melded.
You are incapable of wielding weapons or throwing items.
You cannot wear most types of armour.
((You are amphibious.))
You can wear up to eight rings at the same time.
((Your skin changes colour to match your surroundings (Stealth+).))
((Your rubbery body absorbs attacks. (AC +1, EV +1)))
((You are camouflaged when in or above water. (Stealth+)))
((You have tentacles for arms and can constrict up to eight enemies at once.))


   Skills:
 + Level 3.4 Fighting
 + Level 3.8 Dodging
 + Level 4.5 Stealth
 + Level 2.6 Shields
 * Level 5.6 Unarmed Combat
 - Level 2.0 Spellcasting
 - Level 2.0 Transmutations


You had 6 spell levels left.
You knew the following spells:

 Your Spells              Type           Power      Damage    Failure   Level
a - Beastly Appendage     Tmut           14%        N/A       10%         1
b - Spider Form           Tmut/Pois      4%         N/A       32%         3

Your spell library contained the following spells:

 Spells                   Type           Power      Damage    Failure   Level
 Wereblood                Tmut           7%         N/A       13%         2
 Ice Form                 Ice/Tmut       4%         N/A       65%         4

Inventory:

Hand Weapons
 k - a +2 spear of freezing (melded) {polearm}
   (You took it off a gnoll on level 3 of the Dungeon)
Missiles
 i - 3 poisoned darts {throwing}
Armour
 h - a +0 buckler
   (You found it on level 3 of the Dungeon)
Jewellery
 f - a +4 ring of protection (left front leg)
   (You found it on level 2 of the Dungeon)
 o - a ring of wizardry (right front leg)
   (You found it on level 4 of the Dungeon)
Wands
 g - a wand of flame (18)
   (You found it on level 2 of the Dungeon)
 p - a wand of digging (4)
   (You found it on level 4 of the Dungeon)
Scrolls
 a - 9 scrolls of identify {unknown}
 b - 3 scrolls of magic mapping {unknown}
 c - 2 scrolls of enchant weapon {unknown}
 e - 3 scrolls of silence {unknown}
 j - a scroll of immolation {unknown}
 l - a scroll of enchant armour {unknown}
 m - a scroll of fear {unknown}
 q - a scroll of teleportation {unknown}
Potions
 d - a potion of lignification {unknown}
 n - 2 potions of curing {unknown}
 r - a potion of magic {unknown}
 s - a potion of brilliance

Dungeon Overview and Level Annotations

Branches:
Dungeon (5/15)            Ossuary (1/1)
 Temple: D:4-7

Altars:
Fedhas
Wu Jian

Shops:
D:1

[
#.∩..................
#.......#####+#####..
#......##.... ....##.
#.....##...#####...##
#....##...##...##...#
#....#...##.....##...
#....'...'.!.!??.#...
#...W#...##.!!?.##...
#...s##...##...##...#
#.....##...#####...##
#......##.........##.
#.......#####+#####..
#.∩..................
#....................
############'''######
####...####
#..'...'..#


You could see a wraith.


Message History

MP[+1]
You hit the gnoll skeleton.
Your transformation has ended.
Your +2 spear of freezing {polearm} unmelds from your body.
Your +2 spear of freezing {polearm} glows with a cold blue light!
The gnoll skeleton hits you but does no damage.
You barely miss the gnoll skeleton. You grab the gnoll skeleton.
You squeeze the gnoll skeleton.
You destroy the gnoll skeleton!
You start resting.
MP[+5]
Your mp is fully restored (10).
You open the door.
There is an open door here.
Casting: Spider Form (dangerous; 17% risk of failure)
Confirm with . or Enter, or press ? or * to list all spells.
You turn into a venomous arachnid creature.
Your +2 spear of freezing {polearm} melds into your body.
Your +2 spear of freezing {polearm} stops glowing.
Something unseen opens the door.
MP[-3]
You lost 3 mp, and now have 7/10 mp.
You barely miss the wraith. The wraith closely misses you.
You hit the wraith. The wraith closely misses you.
You hit the wraith. The wraith hits you! The wraith drains your vigour!
You feel yourself slow down.
HP[-7]
You take 7 damage, and now have 39/46 hp.
You hit the wraith.
Your transformation is almost over.
The wraith completely misses you.
You hit the wraith but do no damage. The wraith completely misses you.
The wraith hits you. The wraith drains your vigour!
You feel as though you will be slow longer.
HP[-3]
You take 3 damage, and now have 36/46 hp.
You hit the wraith. The wraith completely misses you.
HP[+1] MP[+1]
You bite the wraith! The wraith misses you.
You hit the wraith but do no damage. The wraith completely misses you.
The wraith hits you!
HP[-10]
You take 10 damage, and now have 27/46 hp.
MASSIVE DAMAGE!! (PAUSE)
You barely miss the wraith.
Your transformation has ended.
Your +2 spear of freezing {polearm} unmelds from your body.
Your +2 spear of freezing {polearm} glows with a cold blue light!
The wraith barely misses you.
Casting: Spider Form (dangerous; 17% risk of failure)
Confirm with . or Enter, or press ? or * to list all spells.
You turn into a venomous arachnid creature.
Your +2 spear of freezing {polearm} melds into your body.
Your +2 spear of freezing {polearm} stops glowing.
The wraith misses you. The wraith hits you!
* * * LOW HITPOINT WARNING * * *
The wraith drains your vigour!
You feel as though you will be slow longer.
HP[-8] MP[-3]
You take 8 damage, and now have 19/46 hp.
You lost 3 mp, and now have 5/10 mp.
You hit the wraith but do no damage. The wraith misses you.
You hit the wraith but do no damage.
Your transformation is almost over.
The wraith hits you!
* * * LOW HITPOINT WARNING * * *
HP[-8] MP[+1]
You take 8 damage, and now have 11/46 hp.
You hit the wraith but do no damage. The wraith closely misses you.
The wraith hits you but does no damage.
You hit the wraith. The wraith hits you.
* * * LOW HITPOINT WARNING * * *
The wraith drains your vigour!
You feel as though you will be slow longer.
HP[-6]
You take 6 damage, and now have 5/46 hp.
The wraith misses you.
HP[+1]
Aiming: Dig
Press: ? - help, Q - select action, (/) - cycle Shift-Dir - straight line, f - you Please select a direction to dig.
Okay, then.
You open the door. The wraith closely misses you.
The wraith completely misses you.
Your transformation has ended.
Your +2 spear of freezing {polearm} unmelds from your body.
Your +2 spear of freezing {polearm} glows with a cold blue light!
There is an open door here.
MP[+1]
The wraith barely misses you.
Casting: Spider Form (dangerous; 17% risk of failure)
Confirm with . or Enter, or press ? or * to list all spells.
You turn into a venomous arachnid creature.
Your +2 spear of freezing {polearm} melds into your body.
Your +2 spear of freezing {polearm} stops glowing.
The wraith closely misses you.
HP[+1] MP[-3]
You lost 3 mp, and now have 4/10 mp.
The wraith hits you!
You die...

Skill      XL: |  1  2  3  4  5  6  7 |
---------------+----------------------+-----
Stealth        | 1 2 3 4 |  4.5
Fighting       | 2 3 |  3.4
Unarmed Combat | 4 5 |  5.6
Shields        | 1 2 |  2.6
Dodging        | 3 |  3.8
Spellcasting   | |  2.0
Transmutations | |  2.0

Action                   |  1- 3 |  4- 6 |  7- 9 || total
-------------------------+-------+-------+-------++-------
Melee: Unarmed           |    62 |    87 |    94 ||   243
       Tentacles         |    15 |    24 |    10 ||    49
       Constrict         |    13 |    32 |    10 ||    55
       Kick              |     9 |    17 |       ||    26
       Spear             |       |    49 |    33 ||    82
       Punch             |       |     2 |     1 ||     3
 Cast: Beastly Appendage |    18 |    18 |     2 ||    38
       Spider Form       |       |     3 |    17 ||    20
  Use: Potion            |     1 |       |       ||     1
 Stab: Sleeping          |     3 |     9 |     5 ||    17
Armor: Skin              |    18 |    23 |    22 ||    63
Dodge: Dodged            |    55 |    86 |    92 ||   233

Levels and vault maps discovered:
D:1:      nicolae_arrival_washed_ashore, layout_basic, serial_forest,
          infiniplex_forest_straight_3, infiniplex_forest_end_1,
          infiniplex_forest_end_1, infiniplex_forest_end_2,
          infiniplex_forest_end_1, infiniplex_forest_clump_long,
          infiniplex_forest_end_1, infiniplex_forest_clump_diagonal,
          infiniplex_forest_clump_C, serial_shops, nicolae_diamond_shop
D:2:      layout_basic
D:3:      layout_loops_corners, fedhas_ov_isle_minmay, general_overflow_altar,
          hellmonk_ecumenical_altar_pennies_from_heaven, minmay_ruptured
D:4:      layout_cave_pods
D:5:      layout_rooms, minmay_temple_entry_crystal_x,
          chequers_ossuary_entry_cave, lemuel_another_geyser
Ossuary:  ossuary_due_mausoleum

Notes
Turn   | Place    | Note
-------+----------+-------------------------------------------
     0 | D:1      | zeratav the Octopode Transmuter began the quest for the
                  | Orb.
     0 | D:1      | Reached XP level 1. HP: 13/13 MP: 3/3
     0 | D:1      | magus.rc [v1.9.6]
   329 | D:1      | Reached XP level 2. HP: 18/18 MP: 3/5
   875 | D:1      | Found Zorphast's Antique Armour Boutique.
   885 | D:1      | Reached skill level 1 in Stealth
  1653 | D:2      | You fall into a shaft and drop 1 floor!
  1683 | D:3      | HP: 4/18 [jackal (2)]
  1693 | D:3      | HP: 2/18 [jackal (2)]
  1698 | D:3      | Reached XP level 3. HP: 2/23 MP: 6/6
  1717 | D:2      | HP: 3/23 [giant cockroach (1)]
  1727 | D:2      | HP: 2/23 [adder (1)]
  1735 | D:2      | HP: 1/23 [ball python (2)]
  2046 | D:2      | magus.rc [v1.9.6]
  2288 | D:2      | Reached skill level 2 in Stealth
  2363 | D:2      | Reached XP level 4. HP: 29/29 MP: 5/7
  2784 | D:3      | Reached skill level 2 in Fighting
  2805 | D:3      | Found an ornate altar of the Wu Jian Council.
  2813 | D:3      | Found a blossoming altar of Fedhas.
  2842 | D:3      | Reached skill level 4 in Unarmed Combat
  3131 | D:3      | Found a faded altar of an unknown god.
  3174 | D:3      | Reached XP level 5. HP: 14/34 MP: 6/8
  3682 | D:3      | Reached skill level 3 in Stealth
  3682 | D:3      | Reached skill level 1 in Shields
  3685 | D:3      | Reached skill level 3 in Dodging
  4155 | D:4      | Noticed a necrophage
  4338 | D:3      | Learned a level 3 spell: Spider Form
  4351 | D:3      | Killed a necrophage
  4352 | D:3      | Reached XP level 6. HP: 27/41 MP: 6/9
  4812 | D:4      | Reached skill level 5 in Unarmed Combat
  4848 | D:4      | Reached skill level 2 in Shields
  4849 | D:4      | HP: 8/41 [acid (9)]
  4905 | D:4      | Reached skill level 3 in Fighting
  4905 | D:4      | HP: 7/42 [acid (5)]
  4906 | D:4      | HP: 3/42 [acid (5)]
  4908 | D:4      | Reached XP level 7. HP: 3/46 MP: 6/10
  5689 | D:4      | Reached skill level 4 in Stealth
  5974 | D:5      | Entered Level 5 of the Dungeon
  6216 | D:5      | Found a sand-covered staircase.
  6225 | Ossuary  | Entered an ossuary
  6225 | Ossuary  | Noticed a wraith
  6225 | Ossuary  | Noticed a wraith
  6225 | Ossuary  | Noticed a wraith
  6481 | Ossuary  | Noticed a wraith
  6507 | Ossuary  | HP: 11/46 [wraith (8)]
  6509 | Ossuary  | HP: 5/46 [wraith (6)]
  6516 | Ossuary  | Slain by a wraith

Vanquished Creatures
  A necrophage (D:3)
  A phantom (D:5)
  A howler monkey (D:4)
  A jelly (D:4)
  3 hounds
  A gnoll shaman (D:3)
  An iguana (D:4)
  2 hound skeletons (D:5)
  A mummy (Ossuary)
  10 gnolls
  10 adders
  A dart slug (D:3)
  6 orcs
  2 endoplasms
  3 giant cockroaches
  9 goblins
  3 hobgoblins
  5 jackals
  2 quokkas
  10 ball pythons
  3 bats
  2 frilled lizards
  6 gnoll skeletons (Ossuary)
  10 kobolds
  8 kobold skeletons (Ossuary)
  11 orc skeletons (Ossuary)
  A quokka skeleton (D:4)
  4 rats
118 creatures vanquished.

Table legend:
 A = Non-vault XP
 B = Vault XP
 C = Vault XP percentage of total XP
 D = Non-vault monster count
 E = Vault monster count
 F = Vault count percentage of total count
                 A         B        C        D         E       F
            +---------+---------+-------+---------+---------+-------
      Total |     943 |      48 |   4.8 |      90 |      28 |  23.7
            +---------+---------+-------+---------+---------+-------
        D:1 |      17 |       0 |   0.0 |      13 |       0 |   0.0
        D:2 |      54 |       0 |   0.0 |      19 |       0 |   0.0
        D:3 |     347 |       5 |   1.4 |      30 |       2 |   6.2
        D:4 |     268 |       0 |   0.0 |      21 |       0 |   0.0
        D:5 |     257 |       0 |   0.0 |       7 |       0 |   0.0
    Ossuary |       0 |      43 | 100.0 |       0 |      26 | 100.0
            +---------+---------+-------+---------+---------+-------

Illustrated notes

Table legend:
 A = Kills in this place as a percentage of kills in entire the game.
 B = Kills by you in this place as a percentage of kills by you in the entire game.
 C = Kills by friends in this place as a percentage of kills by friends in the entire game.
 D = Other kills in this place as a percentage of other kills in the entire game.
 E = Experience gained in this place as a percentage of experience gained in the entire game.
 F = Experience gained in this place divided by the number of levels of this place that you have seen.
                   A       B       C       D       E      F
               +-------+-------+-------+-------+-------+----------------------
         Total | 100.0 | 100.0 |   N/A |   N/A | 100.0 | 165.2
       Dungeon |  78.0 |  78.0 |   N/A |   N/A |  95.7 | 189.6
       Ossuary |  22.0 |  22.0 |   N/A |   N/A |   4.3 |  43.0
               +-------+-------+-------+-------+-------+----------------------

Table legend: (Time is in decaauts)
 A = Elapsed time spent in this place.
 B = Non-inter-level travel time spent in this place.
 C = Inter-level travel time spent in this place.
 D = Time resting spent in this place.
 E = Time spent auto-exploring this place.
 F = Levels seen in this place.
 G = Mean time per level.
                   A        B        C        D        E       F      G
               +--------+--------+--------+--------+--------+-----+--------+
         Total |   6514 |   6164 |    350 |   1865 |   2147 |   6 | 1085.7 |
       Dungeon |   6221 |   5871 |    350 |   1788 |   2147 |   5 | 1244.2 |
       Ossuary |    293 |    293 |      0 |     77 |      0 |   1 |  293.0 |
               +--------+--------+--------+--------+--------+-----+--------+

Top non-repeatable levels by time:
     D:3: 2289 daAuts
     D:1: 1633 daAuts
     D:4: 1126 daAuts
     D:2: 921 daAuts
 Ossuary: 293 daAuts
     D:5: 249 daAuts
